 Dungeon Sprint DCSS version 0.29.1-2-gbd0b4ee654 (webtiles) character file.

Game seed: 3527145975895635633

8222 boopmooplesden the Fencer (level 11, -1/93 HPs)
             Began as a Minotaur Fighter on Nov 21, 2022.
             Was a Priest of Okawaru.
             Slain by a redback (6 damage)
             ... in the Dungeon (Sprint II: "The Violet Keep of Menkaure").
             The game lasted 00:05:48 (1687 turns).

boopmooplesden the Fencer (Minotaur Fighter)        Turns: 1687, Time: 00:05:48

Health: -1/93      AC: 12    Str: 21    XL:     11   Next: 7%
Magic:  8/10       EV: 17    Int:  9    God:    Okawaru [***...]
Gold:   376        SH:  8    Dex: 22    Spells: 10/10 levels left

rFire   + . .      SeeInvis .   a - +1 long sword
rCold   + . .      Faith    .   c - +0 buckler
rNeg    + . .      Spirit   .   s - +2 leather armour of Bequeathed the Leaf {Int+4}
rPois   +          Reflect  .   (helmet restricted)
rElec   .          Harm     .   d - +1 cloak "Vit Qass" {Will++ Regen+ Dex+4}
rCorr   .          Rampage  .   (no gloves)
Will    +++..      NoTele   +   l - +1 pair of boots
Stlth   ++........              (no amulet)
HPRegen 1.05/turn               k - ring "Niaqocko" {rPois rF+ rC+ rN+ Slay+2}
MPRegen 0.12/turn               o - ring "Igeri" {Will+ Dex+6}

@: no status effects
A: horns 2, retaliatory headbutt, clumsy 1, frail 2, subdued magic 2
a: Renounce Religion, Heroism


You were in the Dungeon.
You worshipped Okawaru.
Okawaru was most pleased with you.
You visited 1 branch You collected 1488 gold pieces.
You spent 1112 gold pieces at shops.

Inventory:

Hand Weapons
 a - a +1 long sword (weapon)
Armour
 b - a +0 scale mail
 c - a +0 buckler (worn)
 d - the +1 cloak "Vit Qass" (worn) {Will++ Regen+ Dex+4}
   (You bought it in a shop in the Dungeon)

   Dex:       It affects your dexterity (+4).
   Regen:     It increases your rate of health regeneration.
   Will:      It greatly increases your willpower.
 l - a +1 pair of boots (worn)
 s - the +2 leather armour of Bequeathed the Leaf (worn) {Int+4}
   (You bought it in a shop in the Dungeon)

   Int:       It affects your intelligence (+4).
Jewellery
 k - the ring "Niaqocko" (left hand) {rPois rF+ rC+ rN+ Slay+2}
   (You bought it in a shop in the Dungeon)

   [ring of protection from cold]

   Slay:      It affects your accuracy & damage with ranged weapons and melee
   (+2).
   rF:        It protects you from fire.
   rC:        It protects you from cold.
   rPois:     It protects you from poison.
   rN:        It protects you from negative energy.
 o - the ring "Igeri" (right hand) {Will+ Dex+6}
   (You found it in the Dungeon)

   [ring of dexterity]

   Dex:       It affects your dexterity (+6).
   Will:      It increases your willpower.
Scrolls
 j - 2 scrolls of blinking
 m - 2 scrolls of immolation
 p - a scroll of magic mapping
 q - 2 scrolls of enchant weapon
Potions
 e - 2 potions of curing
 f - a potion of heal wounds
 g - a potion of haste
 h - 5 potions of magic
 n - 7 potions of flight
 r - 2 potions of resistance
 t - a potion of ambrosia
 v - a potion of brilliance {unknown}
 w - 2 potions of cancellation {unknown}


   Skills:
 + Level 17.1 Fighting
 + Level 18.4 Long Blades
 + Level 14.3 Armour
 + Level 7.4 Dodging
 + Level 0.6 Stealth
 + Level 13.1 Shields
 + Level 0.5 Invocations


You had 10 spell levels left.
You didn't know any spells.
Your spell library contained the following spells:

 Spells                   Type           Power      Damage    Failure   Level
 Freeze                   Ice            0%         1d3       38%         1
 Frozen Ramparts          Ice            0%         1d1       78%         3
 Hailstorm                Conj/Ice       0%         3d3       99%         4
 Borgnjor's Revivificati  Necr           0%         N/A       100%        8
 Necromutation            Tmut/Necr      0%         N/A       100%        8
 Death's Door             Necr           0%         N/A       100%        9


Dungeon Overview and Level Annotations

Branches:
Dungeon (1/1)

Altars:
Cheibriados
Dithmenos
Elyvilon
Fedhas
Gozag
Hepliaklqana
Kikubaaqudgha
Makhleb
Nemelex Xobeh
Okawaru
Qazlal
Ru
Sif Muna
Trog
Uskayaw
Vehumet
Wu Jian
Xom
Yredelemnul
Zin
The Shining One
Jiyva
Lugonu

Shops:
D =:?[!*[:(![![=?

Annotations:
D exclusions: obsidian statue and oklob plant, Roxanne


Innate Abilities, Weirdness & Mutations

You have a pair of horns on your head.
You reflexively headbutt those who attack you in melee.
You are clumsy. (Dex -2)
You are very frail. (-20% HP)
Your spells are easier to cast, but less powerful.


Message History

The ice dragon is almost dead.
You slice the ice dragon!!
You kill the ice dragon!
Okawaru accepts your kill. The iron elemental gestures at you.
You resist with almost no effort.
Your base Fighting skill increases to level 17!
Your base Dodging skill increases to level 7!
You have reached level 11!
You barely miss the redback.
You feel like a meek peon again. You block the redback's attack.
You closely miss the redback. Your headbutt misses the redback.
The iron elemental gestures at you. The iron shot misses you.
You slash the redback!
The redback is moderately wounded.
The redback misses you. The redback completely misses you.
You barely miss the redback. You headbutt the redback!
The redback is heavily wounded.
The redback completely misses you. You furiously retaliate!
You headbutt the redback. The redback misses you.
The iron elemental hits you but does no damage.
The redback misses you. You furiously retaliate!
You headbutt the redback. You hit the redback but do no damage.
The redback is heavily wounded.
The redback bites you. You block the redback's attack. x2
You hit the redback. You headbutt the redback!
The redback is almost dead.
The redback barely misses you. You furiously retaliate!
You headbutt the redback! You block the redback's attack.
The iron elemental gestures at you.
The spray of metal splinters hits you!!!
Ouch! That really hurt!
* * * LOW HITPOINT WARNING * * *
You slice the redback!!
You kill the redback!
Okawaru accepts your kill. The redback bites you.
You die...

*** *##########***********
*,,
*[.$.!.'†@#∩∩∩,∩+,+,,***,,
*.$?[$$#Es####***,****,,,,
*+####*#†##..#***+####,,,,
*∩∩∩∩∩∩#†.†.##≈≈≈§≈≈§##⌠,,
*∩∩∩∩∩∩#..###~~≈§§≈○°§##,,
*****####..+~~~§§8§§§§§#*+
*,,,*#...####~~~≈≈§§≈≈**~^
*,,,,#.....~##~~≈≈≈§~**,~,
############~~#+++#+++##***


You could see an iron elemental and a redback.

Vanquished Creatures
  Kirke (D)
  An ice dragon (D)
  A yaktaur captain (D)
  A centaur warrior (D)
  2 hell hogs (D)
  A skeletal warrior (D)
  An elephant (D)
  A merfolk siren (D)
  A kobold demonologist (D)
  A yaktaur (D)
  3 polar bears (D)
  A hornet (D)
  A redback (D)
  4 neqoxecs (D)
  Menkaure (D)
  7 water moccasins (D)
  5 scorpions (D)
  5 necrophages (D)
  An iron imp (D)
39 creatures vanquished.

Vanquished Creatures (others)
  28 tentacles (D)
28 creatures vanquished.

Grand Total: 67 creatures vanquished

Notes
Turn   | Place    | Note
-------+----------+-------------------------------------------
     0 | D        | boopmooplesden the Minotaur Fighter began the quest for the
                  | Orb.
     0 | D        | Reached XP level 1. HP: 19/19 MP: 0/0
     1 | D        | Noticed a necrophage
     1 | D        | Noticed a necrophage
     1 | D        | Noticed a necrophage
     1 | D        | Noticed a necrophage
     5 | D        | Killed a necrophage
     6 | D        | Reached skill level 3 in Long Blades
     6 | D        | Reached XP level 2. HP: 27/30 MP: 1/1
     6 | D        | Reached XP level 3. HP: 33/37 MP: 2/2
     9 | D        | Killed a necrophage
    10 | D        | Reached XP level 4. HP: 34/47 MP: 3/3
    13 | D        | Killed a necrophage
    14 | D        | Reached skill level 4 in Long Blades
    14 | D        | Reached XP level 5. HP: 39/53 MP: 4/4
    18 | D        | Reached skill level 5 in Long Blades
   110 | D        | Reached XP level 6. HP: 62/64 MP: 5/5
   118 | D        | Reached skill level 6 in Long Blades
   120 | D        | Reached skill level 10 in Fighting
   120 | D        | Reached skill level 10 in Armour
   121 | D        | Reached skill level 10 in Shields
   288 | D        | Noticed a neqoxec
   288 | D        | Noticed a neqoxec
   288 | D        | Noticed a neqoxec
   288 | D        | Noticed a neqoxec
   289 | D        | Gained mutation: You are frail. (-10% HP) [a neqoxec]
   296 | D        | Killed a neqoxec
   296 | D        | Gained mutation: You are very frail. (-20% HP) [a neqoxec]
   297 | D        | Reached skill level 7 in Long Blades
   297 | D        | Reached XP level 7. HP: 58/58 MP: 6/6
   299 | D        | Gained mutation: You are clumsy. (Dex -2) [a neqoxec]
   308 | D        | Killed a neqoxec
   309 | D        | Reached skill level 8 in Long Blades
   309 | D        | Gained mutation: Your spells are a little easier to cast,
                  | but a little less powerful. [a neqoxec]
   315 | D        | Gained mutation: Your spells are easier to cast, but less
                  | powerful. [a neqoxec]
   317 | D        | Killed a neqoxec
   318 | D        | Reached skill level 9 in Long Blades
   328 | D        | Killed a neqoxec
   574 | D        | Noticed a merfolk siren
   584 | D        | Killed a merfolk siren
   585 | D        | Reached skill level 10 in Long Blades
   585 | D        | Reached XP level 8. HP: 60/67 MP: 7/7
   589 | D        | Found Zisemy's Magic Scroll Shop.
   589 | D        | Found Cyifuloh's Distillery.
   589 | D        | Found Urarher's Jewellery Boutique.
   589 | D        | Found Jozaanuc's Antique Armour Shop.
   590 | D        | Found Dinelax's Distillery.
   590 | D        | Found Jikhlyra's Antique Weapon Boutique.
   590 | D        | Found Foirit's Book Shop.
   590 | D        | Found Gydij's Antique Armour Boutique.
   591 | D        | Found Aqiuz's General Store.
   591 | D        | Found Wulumu's Distillery.
   591 | D        | Noticed a manticore
   592 | D        | Found Pimi's Antique Armour Shop.
   592 | D        | Noticed a manticore
   593 | D        | Found Teiseela's Armour Boutique.
   593 | D        | Found Vucieghu's Magic Scroll Shop.
   593 | D        | Noticed Menkaure
   593 | D        | Noticed a manticore
   593 | D        | Noticed an oklob plant
   611 | D        | Killed Menkaure
   612 | D        | Reached skill level 11 in Long Blades
   613 | D        | Found Fobog's Book Shoppe.
   613 | D        | Found Ukoadgh's Jewellery Boutique.
   614 | D        | Noticed a cane toad
   614 | D        | Noticed a cane toad
   618 | D        | Bought a heavily runed cloak for 228 gold pieces
   618 | D        | Identified the +1 cloak "Vit Qass" {Will++ Regen+ Dex+4}
                  | (You bought it in a shop in the Dungeon)
   633 | D        | Bought the ring "Niaqocko" {rPois rF+ rC+ rN+ Slay+2} for
                  | 613 gold pieces
   636 | D        | Bought a pair of boots for 103 gold pieces
   862 | D        | Found a snail-covered altar of Cheibriados.
   863 | D        | Found a shadowy altar of Dithmenos.
   863 | D        | Found a viscous altar of Jiyva.
   864 | D        | Found a white marble altar of Elyvilon.
   864 | D        | Found an ancient bone altar of Kikubaaqudgha.
   865 | D        | Found a blossoming altar of Fedhas.
   865 | D        | Found a corrupted altar of Lugonu.
   865 | D        | Found a shimmering blue altar of Sif Muna.
   866 | D        | Found an opulent altar of Gozag.
   866 | D        | Found a burning altar of Makhleb.
   866 | D        | Found a bloodstained altar of Trog.
   867 | D        | Found a sparkling altar of Nemelex Xobeh.
   867 | D        | Found a hide-covered altar of Uskayaw.
   868 | D        | Found a basalt altar of Yredelemnul.
   869 | D        | Found an iron altar of Okawaru.
   869 | D        | Found a radiant altar of Vehumet.
   869 | D        | Found a glowing silver altar of Zin.
   869 | D        | Found a hazy altar of Hepliaklqana.
   869 | D        | Found a sacrificial altar of Ru.
   869 | D        | Found a shimmering altar of Xom.
   869 | D        | Noticed a hornet
   869 | D        | Noticed a polar bear
   869 | D        | Noticed a polar bear
   869 | D        | Noticed a polar bear
   869 | D        | Noticed a yaktaur
   870 | D        | Found a stormy altar of Qazlal.
   870 | D        | Found an ornate altar of the Wu Jian Council.
   870 | D        | Found a glowing golden altar of the Shining One.
   878 | D        | Killed a polar bear
   879 | D        | Reached skill level 12 in Long Blades
   883 | D        | Killed a polar bear
   887 | D        | Killed a polar bear
   888 | D        | Reached skill level 13 in Long Blades
   888 | D        | Reached skill level 1 in Dodging
   888 | D        | Reached XP level 9. HP: 44/74 MP: 8/8
   898 | D        | Killed a yaktaur
   899 | D        | Reached skill level 14 in Long Blades
   908 | D        | Became a worshipper of Warmaster Okawaru
   970 | D        | Noticed a kraken
  1207 | D        | Identified Roxanne's Vellum of Shapes
  1207 | D        | Noticed Roxanne
  1399 | D        | Identified the ring "Igeri" {Will+ Dex+6}
  1450 | D        | Bought a slimy leather armour for 168 gold pieces
  1450 | D        | Identified the +2 leather armour of Bequeathed the Leaf
                  | {Int+4} (You bought it in a shop in the Dungeon)
  1476 | D        | Noticed an obsidian statue
  1479 | D        | Noticed Kirke
  1479 | D        | Noticed a yaktaur captain
  1479 | D        | Noticed a skeletal warrior
  1479 | D        | Noticed a hell hog
  1497 | D        | Killed Kirke
  1498 | D        | Reached skill level 15 in Long Blades
  1498 | D        | Reached XP level 10. HP: 67/83 MP: 9/9
  1504 | D        | Killed a skeletal warrior
  1504 | D        | Reached * piety under Okawaru
  1505 | D        | Reached skill level 15 in Fighting
  1505 | D        | Reached skill level 16 in Long Blades
  1530 | D        | Noticed a hell hog
  1534 | D        | Killed a hell hog
  1550 | D        | Noticed an elephant
  1556 | D        | Killed a yaktaur captain
  1556 | D        | Reached ** piety under Okawaru
  1556 | D        | Noticed a centaur warrior
  1557 | D        | Reached skill level 17 in Long Blades
  1557 | D        | Reached skill level 5 in Dodging
  1577 | D        | Killed a centaur warrior
  1581 | D        | Killed a hell hog
  1581 | D        | Reached *** piety under Okawaru
  1585 | D        | Killed an elephant
  1586 | D        | Reached skill level 18 in Long Blades
  1667 | D        | Noticed an iron elemental
  1667 | D        | Noticed an ice dragon
  1680 | D        | Killed an ice dragon
  1681 | D        | Reached XP level 11. HP: 53/93 MP: 8/10
  1686 | D        | HP: 4/93 [iron elemental/spray of metal splinters (50)]
  1687 | D        | Slain by a redback

Illustrated notes

Levels and vault maps discovered:
D:        the_violet_keep_of_menkaure [sprint2_stairs_cluster_1,
          sprint2_shoproom, sprint2_temple, sprint2_basic_supplies,
          sprint2_obstacle_7, sprint2_obstacle_6, sprint2_obstacle_3,
          sprint2_obstacle_2, sprint2_obstacle_4, sprint2_timed_cluster_1,
          sprint2_smallroom_cluster_1, sprint2_smallroom_final_cluster_1,
          sprint2_transparent_cluster_1, sprint2_second_timed_cluster_1,
          sprint2_sniper_area_1, sprint2_heavy_combat_area_1,
          sprint2_mutation_trap_area_1, sprint2_forest_area_1,
          sprint2_light_combat_area_1, sprint2_behind_water_1,
          sprint2_near_end_vault_1]

Skill      XL: |  1  2  3  4  5  6  7  8  9 10 |
---------------+-------------------------------+-----
Fighting       | 6 7 8 9 10 12 13 14 17 | 17.1
Long Blades    | 3 4 5 7 10 13 15 18 | 18.4
Armour         | 6 7 8 9 10 11 12 13 14 | 14.3
Shields        | 6 7 8 9 10 11 12 13 | 13.1
Dodging        | 1 3 7 |  7.4
Stealth        | |  0.6
Invocations    | |  0.5

Action                   |  1- 3 |  4- 6 |  7- 9 | 10-12 || total
-------------------------+-------+-------+-------+-------++-------
Melee: Long sword        |     7 |    30 |   101 |    80 ||   218
       Headbutt          |       |     7 |    26 |    22 ||    55
Invok: Heroism           |       |       |       |     2 ||     2
  Use: Potion            |     1 |       |     4 |       ||     5
       Scroll            |       |       |     9 |       ||     9
Armor: Scale mail        |     2 |     6 |    33 |       ||    41
       Leather armour    |       |       |       |    25 ||    25
Dodge: Dodged            |     2 |     9 |    43 |    53 ||   107
Block: Buckler           |       |     7 |    22 |    31 ||    60
